 Dungeon Crawl Stone Soup version 0.27-a0-1500-g450c7e4133 (webtiles) character file.

Game seed: 2823810005162141975

74 apoch the Chopper (level 4, -8/39 HPs)
             Began as a Hill Orc Fighter on July 7, 2021.
             Was a Plaything of Xom.
             Mangled by a sixfirhy (11 damage)
             ... summoned by Xom
             ... on level 2 of the Dungeon.
             The game lasted 00:04:07 (1207 turns).

apoch the Chopper (Hill Orc Fighter)                Turns: 1207, Time: 00:04:08

Health: -8/39      AC:  6    Str: 19    XL:     4   Next: 30%
Magic:  4/4        EV:  7    Int:  8    God:    Xom [......]
Gold:   63         SH: 14    Dex: 10    Spells: 3/3 levels left

rFire    . . .     SeeInvis .   k - +2 hand axe (elec)
rCold    . . .     Faith    .   c - +0 kite shield
rNeg     . . .     Spirit   .   b - +0 scale mail
rPois    .         Reflect  +   (no helmet)
rElec    .         Harm     .   (no cloak)
rCorr    .         Rampage  .   (no gloves)
Will     .....                  (no boots)
Stlth    ..........             i - amulet of reflection
HPRegen  0.13/turn              (no ring)
MPRegen  0.09/turn              (no ring)

@: no status effects
A: no striking features
a: Renounce Religion


You were on level 2 of the Dungeon.
You worshipped Xom.
You were a very special plaything of Xom.
You visited 1 branch of the dungeon, and saw 2 of its levels.

You collected 63 gold pieces.

Inventory:

Hand Weapons
 a - a +0 war axe
 k - a +2 hand axe of electrocution (weapon)
Missiles
 f - 45 stones (quivered)
 n - 5 silver javelins
Armour
 b - a +0 scale mail (worn)
 c - a +0 kite shield (worn)
Magical Staves
 m - a staff of poison
Jewellery
 i - an amulet of reflection (around neck)
 l - a ring of resist corrosion
Scrolls
 g - a scroll of immolation {unknown}
 h - a scroll of identify {unknown}
Potions
 d - a potion of might
 e - 2 potions of attraction {unknown}
 j - a potion of magic {unknown}


   Skills:
 - Level 3.6 Fighting
 + Level 5.9 Axes
 - Level 3.2 Armour
 - Level 3.2 Shields


You had 3 spell levels left.
You didn't know any spells.
Your spell library contained the following spells:

 Spells                   Type           Power      Damage    Failure   Level
 Fulminant Prism          Conj/Hex       0%         3d6       100%        4
 Iskenderun's Mystic Bla  Conj/Tloc      0%         2d3       100%        4
 Lee's Rapid Deconstruct  Erth           0%         3d5*      100%        5


Dungeon Overview and Level Annotations

Branches:
Dungeon (2/15)

Altars:
Xom


Message History

The rat is severely wounded.
You throw a stone.
The stone hits the rat but does no damage.
The rat is severely wounded.
You hear Xom's maniacal laughter.
You hit the rat.
You kill the rat!
You miss the sixfirhy. You block the sixfirhy's attack.
The sixfirhy hits you but does no damage.
The sixfirhy hits you! The sixfirhy shocks you!
You emit a cloud of colourful smoke!
The sixfirhy barely misses you. The shadow imp gestures at you.
Pain shoots through your body!
* * * LOW HITPOINT WARNING * * *
You are too injured to fight recklessly!
You are too injured to fight recklessly!
You are too injured to fight recklessly!
You are too injured to fight recklessly!
You are too injured to fight recklessly!
Unknown command.
The shadow imp hits you.
* * * LOW HITPOINT WARNING * * *
You block the ufetubus's attack. x2
Unknown command.
You barely miss the ufetubus. You completely miss the shadow imp.
The ufetubus hits you but does no damage.
You block the ufetubus's attack.
The shadow imp shouts, "Flee, thou dankish folly-fallen bugbear!"
You block the shadow imp's attack. You block the ufetubus's attack.
The ufetubus hits you.
* * * LOW HITPOINT WARNING * * *
Okay, then.
You slash the ufetubus!
Lightning courses through the ufetubus!!
You kill the ufetubus!
You closely miss the shadow imp. The sixfirhy hits you.
* * * LOW HITPOINT WARNING * * *
The sixfirhy shocks you!
You die...

.. #..###.# #. #.#
#......# .. ..
#.###)†##.. #.
#.###..##.. #.##
#......##.. ..#
#.####...##.. ..[####§##
#........##..
.....(§§.########.#.###..
......§3@................
...(.#.#5......##.#.####.
..(# #.#..###.....#.# #.
.. #....# #..##.#.# #. .
####.###<......# #.
######..##...#.### #.
#.....#.##...#.# #.
#.....#..##.##.# #.
#...........##.######.


You could see a sixfirhy (summoned) and a shadow imp (summoned).

Vanquished Creatures
  An adder (D:2)
  4 dart slugs (D:1)
  4 ball pythons
  6 bats (D:1)
  3 endoplasms
  A giant cockroach (D:1)
  6 goblins
  3 hobgoblins
  7 jackals
  8 kobolds
  2 quokkas (D:1)
  A frilled lizard (D:2)
  4 rats
50 creatures vanquished.

Notes
Turn   | Place    | Note
-------+----------+-------------------------------------------
     0 | D:1      | apoch the Hill Orc Fighter began the quest for the Orb.
     0 | D:1      | Reached XP level 1. HP: 19/19 MP: 1/1
    14 | D:1      | Reached skill level 3 in Axes
    18 | D:1      | Reached XP level 2. HP: 25/26 MP: 2/2
    85 | D:1      | Reached skill level 4 in Axes
   330 | D:1      | Found a faded altar of an unknown god.
   349 | D:1      | Reached XP level 3. HP: 28/31 MP: 3/3
   377 | D:1      | Became a worshipper of Xom of Chaos
   440 | D:1      | Reached skill level 5 in Axes
   621 | D:1      | XOM: silly message
   650 | D:1      | XOM: silly message
   958 | D:2      | XOM: god gift: long glowing staff {god gift}
   969 | D:2      | Reached XP level 4. HP: 39/39 MP: 4/4
  1203 | D:2      | XOM: summons 3 hostile demons
  1204 | D:2      | Noticed a sixfirhy
  1204 | D:2      | XOM: smoke on damage
  1207 | D:2      | Mangled by a sixfirhy

Illustrated notes

Levels and vault maps discovered:
D:1:      minmay_arrival_stone_box, layout_rooms, basic_ecumenical_altar,
          minmay_3d_cube
D:2:      layout_basic, uniq_jessica

Skill      XL: |  1  2  3 |
---------------+----------+-----
Axes           | 3 4 5 |  5.9
Fighting       | |  3.6
Armour         | |  3.2
Shields        | |  3.2

Action                   |  1- 3 |  4- 6 || total
-------------------------+-------+-------++-------
Melee: War axe           |    72 |       ||    72
       Hand axe          |    29 |    20 ||    49
Throw: Stone             |    20 |    24 ||    44
Armor: Scale mail        |    39 |     3 ||    42
Dodge: Dodged            |    30 |     5 ||    35
Block: Kite shield       |    65 |    19 ||    84
       Reflection        |       |     1 ||     1

Table legend: (Time is in decaauts)
 A = Elapsed time spent in this place.
 B = Non-inter-level travel time spent in this place.
 C = Inter-level travel time spent in this place.
 D = Time resting spent in this place.
 E = Time spent auto-exploring this place.
 F = Levels seen in this place.
 G = Mean time per level.
                   A        B        C        D        E       F      G
               +--------+--------+--------+--------+--------+-----+--------+
         Total |   1270 |   1256 |     14 |     98 |    776 |   2 |  635.0 |
       Dungeon |   1270 |   1256 |     14 |     98 |    776 |   2 |  635.0 |
               +--------+--------+--------+--------+--------+-----+--------+

Top non-repeatable levels by time:
     D:1: 887 daAuts
     D:2: 382 daAuts
